 Dungeon Crawl Stone Soup version 0.22.1-1-ga44c0e5 (webtiles) character file.

1155 sand the Destroyer (level 8, -2/57 HPs)
             Began as a Yellow Draconian Conjurer on Nov 12, 2018.
             Was an Initiate of Gozag.
             Slain by an orc warrior
             ... wielding a +0 long sword
              (18 damage)
             ... on level 6 of the Dungeon.
             The game lasted 00:12:33 (6182 turns).

sand the Destroyer (Yellow Draconian Conjurer)      Turns: 6182, Time: 00:12:33

Health: -2/57      AC:  7    Str: 13    XL:     8   Next: 16%
Magic:  12/16      EV: 12    Int: 20    God:    Gozag
Gold:   841        SH:  0    Dex: 11    Spells: 15/18 levels left

rFire    . . .     SeeInvis .   r - +0 quarterstaff
rCold    . . .     Gourm    .   (shield currently unavailable)
rNeg     . . .     Faith    .   (armour unavailable)
rPois    .         Spirit   .   (helmet restricted)
rElec    .         Reflect  .   A - scarf {cloud immunity}
rCorr    +         Harm     .   e - +0 pair of gloves
MR       .....                  (no boots)
Stlth    ++........             (no amulet)
HPRegen  0.19/turn              (no ring)
MPRegen  0.15/turn              (no ring)

@: gold aura
A: spit acid, acid resistance, unfitting armour, clever 1, strong 1,
cold-blooded, AC +6
a: Breathe Acid, Potion Petition, Call Merchant, Bribe Branch, Renounce Religion


You were on level 6 of the Dungeon.
You worshipped Gozag.
Gozag was pleased with you.
You were not hungry.

You visited 1 branch of the dungeon, and saw 6 of its levels.
You also visited: Ossuary.

You collected 879 gold pieces.
You paid 38 gold pieces to Gozag.

Inventory:

Hand Weapons
 r - a +0 quarterstaff (weapon)
Missiles
 d - 92 arrows
 i - 40 sling bullets
 l - 185 stones (quivered)
 o - 2 throwing nets {!f}
 p - 7 silver javelins
 y - 43 poisoned needles
 z - 4 javelins of returning
Armour
 e - a +0 pair of gloves (worn)
 A - a scarf of cloud immunity (worn)
Jewellery
 n - a +4 amulet of reflection {unknown}
Wands
 u - a wand of polymorph (15)
Scrolls
 c - 3 scrolls of remove curse {@r2}
 g - 4 scrolls of amnesia
 h - 4 scrolls of magic mapping
 m - a scroll of fear {unknown}
 s - a scroll of blinking {unknown}
 t - a scroll of enchant weapon {unknown}
 C - 3 scrolls of identify {unknown}
Potions
 a - a potion of experience {unknown}
 f - a potion of mutation
 j - a potion of heal wounds {@q2}
 k - 2 potions of resistance {@q6}
 q - a potion of curing {@q1}
 v - a potion of brilliance
 w - a potion of invisibility {unknown}
 x - a potion of berserk rage {unknown}
 B - a potion of cancellation {unknown}
 D - 2 potions of haste {unknown}
 E - 2 potions of magic {unknown}
Comestibles
 b - 5 rations {@e1}


   Skills:
 - Level 1.7 Dodging
 - Level 1.7 Stealth
 + Level 5.9 Spellcasting
 + Level 8.6 Conjurations


You had 15 spell levels left.
You knew the following spells:

 Your Spells              Type           Power        Failure   Level  Hunger
a - Magic Dart            Conj           ####         1%          1    None
b - Searing Ray           Conj           #####.       1%          2    None

Your spell library contained the following spells:

 Spells                   Type           Power        Failure   Level  Hunger
 Iskenderun's Mystic Bla  Conj           #####...     3%          4    ####...
 Conjure Flame            Conj/Fire      ###.....     5%          3    ##.....
 Dazzling Spray           Conj/Hex       ###...       5%          3    ##.....
 Mephitic Cloud           Conj/Pois/Air  ###.....     10%         3    ##.....
 Poisonous Vapours        Pois/Air       #.....       16%         2    None
 Force Lance              Conj/Tloc      ###.....     19%         4    ####...
 Fulminant Prism          Conj/Hex       ###.......   19%         4    ####...
 Freezing Cloud           Conj/Ice/Air   ###.......   99%         6    #######
 Ring of Flames           Chrm/Fire      #.........   100%        7    #######


Dungeon Overview and Level Annotations

Branches:
Dungeon (6/15)             Temple (0/1) D:5

Altars:
Ashenzari
Gozag
Okawaru
Sif Muna
Wu Jian
The Shining One


Innate Abilities, Weirdness & Mutations

You can spit globs of acid.
You are resistant to acid.
Your golden yellow scales are hard. (AC +6)
You cannot fit into any form of body armour.
You are cold-blooded and may be slowed by cold attacks.
Your mind is acute. (Int +2)
Your muscles are strong. (Str +2)


Message History

You kill the orc!
The orc warrior hits you with a long sword!
Casting: Searing Ray (safe; 1% risk of failure)
Confirm with . or Enter, or press ? or * to list all spells.
Aiming: Searing Ray (safe; 1% risk of failure)
Press: ? - help, Shift-Dir - straight line, f - orc warrior
Aim: an orc warrior, wielding a long sword and wearing a chain mail The searing ray hits the orc warrior.
The orc warrior is moderately wounded. (Press . to maintain the ray.)
The orc warrior hits you with a long sword!
The searing ray hits the orc warrior.
The orc warrior is moderately wounded.
The orc warrior hits you with a long sword!
* * * LOW HITPOINT WARNING * * *
The searing ray hits the orc warrior.
The orc warrior is moderately wounded.
The orc warrior hits you with a long sword!!
You die...
Your body crumbles into a pile of gold.

*,*,* **,,,***..# *,*,*
***,,,,..# **,*,*
*****#.# *****,,,,****
#.### ,,,,,,,,,,,,*
##.#.########
.***,,,>,**,*
###...#........
.,,*,*,*,##.####*
#....###.######
**,*,,,,,.......###...##
##.##
*,,,,,,,**,**#o@$...##
##.# **,***,****,*
#####...#* ##.##
.,,,,,,*
*,******#.#..###.##
.*******
*,,,,,,*#.....#.## ***
***********,*#..###.##
,,****,,,,,,,,,,,,...#
#.#
*,,oo#,#*******,,*####
#.# ,,*#o#.# *,,* #.#
***#.#.# *,,* #.########


You could see an orc warrior.

Vanquished Creatures
  Duvessa (D:4)
  An ogre (D:5)
  2 centaurs
  2 elf zombies (Ossuary)
  A bullfrog (D:4)
  Dowan (D:4)
  2 crimson imps
  2 human zombies (Ossuary)
  A bullfrog zombie (D:5)
  A hound (D:6)
  Jessica (D:2)
  An iguana (D:4)
  6 worker ants
  A big kobold zombie (Ossuary)
  A hound skeleton (D:5)
  2 mummies (Ossuary)
  3 adders
  3 adder zombies (Ossuary)
  2 dart slugs
  2 leopard geckos
  2 orcs (D:6)
  3 ball pythons
  4 bats
  4 giant cockroaches
  7 goblins
  7 hobgoblins
  11 jackals
  2 quokkas (D:2)
  A frilled lizard (D:3)
  A goblin zombie (Ossuary)
  8 hobgoblin zombies (Ossuary)
  A jackal zombie (Ossuary)
  7 kobolds
  11 kobold zombies (Ossuary)
  7 orc zombies (Ossuary)
  4 rats
  A rat zombie (Ossuary)
117 creatures vanquished.

Notes
Turn   | Place    | Note
-------+----------+-------------------------------------------
     0 | D:1      | sand the Draconian Conjurer began the quest for the Orb.
     0 | D:1      | Reached XP level 1. HP: 14/14 MP: 3/3
   139 | D:1      | Reached XP level 2. HP: 17/20 MP: 0/5
   720 | D:1      | Learned a level 2 spell: Searing Ray
   861 | D:1      | Reached XP level 3. HP: 26/26 MP: 6/6
  1190 | D:2      | Found an opulent altar of Gozag.
  1206 | D:2      | Became a worshipper of Gozag Ym Sagoz the Greedy
  1418 | D:2      | Noticed Jessica
  1431 | D:2      | Killed Jessica
  1431 | D:2      | Reached skill level 5 in Conjurations
  1630 | D:2      | Reached XP level 4. HP: 33/33 MP: 3/8
  1698 | D:2      | Found a glowing golden altar of the Shining One.
  1770 | D:2      | Found a deep blue altar of Sif Muna.
  2668 | D:3      | Found a shattered altar of Ashenzari.
  2668 | D:3      | Found an iron altar of Okawaru.
  2997 | D:4      | Reached XP level 5. HP: 38/38 MP: 0/9
  3288 | D:4      | Reached skill level 6 in Conjurations
  3325 | D:4      | Noticed Duvessa
  3339 | D:4      | Noticed Dowan
  3345 | D:4      | Killed Duvessa
  3345 | D:4      | Reached XP level 6. HP: 34/45 MP: 1/11
  3359 | D:4      | Killed Dowan
  3584 | D:4      | Reached skill level 7 in Conjurations
  3743 | D:5      | Entered Level 5 of the Dungeon
  3821 | D:5      | Your scales start taking on a golden yellow colour.
  3821 | D:5      | Reached XP level 7. HP: 39/50 MP: 8/13
  4178 | D:5      | Found a staircase to the Ecumenical Temple.
  4755 | D:5      | Found an ornate altar of the Wu Jian Council.
  4917 | D:6      | Reached skill level 5 in Spellcasting
  4949 | D:6      | Reached skill level 8 in Conjurations
  5355 | D:6      | Found a sand-covered staircase.
  5364 | Ossuary  | Entered an ossuary
  5634 | Ossuary  | Gained mutation: Your muscles are strong. (Str +2) [potion
                  | of mutation]
  5634 | Ossuary  | Gained mutation: Your mind is acute. (Int +2) [potion of
                  | mutation]
  5706 | Ossuary  | Reached XP level 8. HP: 24/57 MP: 5/16
  6182 | D:6      | Slain by an orc warrior

Skill      XL: |  1  2  3  4  5  6  7 |
---------------+----------------------+-----
Conjurations   | 5 6 7 8 |  8.6
Spellcasting   | 3 4 5 |  5.9
Dodging        | |  1.7
Stealth        | |  1.7

Action                   |  1- 3 |  4- 6 |  7- 9 || total
-------------------------+-------+-------+-------++-------
Melee: Short sword       |   108 |    19 |       ||   127
       Tailslap          |     8 |     6 |    24 ||    38
       Unarmed           |     1 |       |       ||     1
       Quarterstaff      |       |    94 |   222 ||   316
 Cast: Magic Dart        |    19 |    36 |    13 ||    68
       Searing Ray       |       |     4 |    13 ||    17
  Use: Potion            |       |     1 |     4 ||     5
       Scroll            |       |       |     5 ||     5
 Stab: Sleeping          |     3 |     3 |     1 ||     7
       Distracted        |       |     1 |       ||     1
  Eat: Chunk             |     1 |       |       ||     1
       Ration            |       |     2 |     3 ||     5
Armor: Skin              |    44 |    62 |    92 ||   198
Dodge: Dodged            |    75 |   114 |   211 ||   400
